[Event "Titled Tuesday Blitz July 4 Early 2023"]
[White "Rodriguez Santiago, Jaime"]
[Black "Rizzo, Tobias"]
[WhiteFideId "3100898"]
[BlackFideId "30942691"]
[WhiteElo "2319"]
[BlackElo "2467"]
[Result "1-0"]
[Round "9"]
[TimeControl "180+2"]
[Date "2023.07.04"]
[WhiteClock "0:00:13"]
[BlackClock "0:00:11"]
[Board "133"]

1. c4 Nf6 2. Nc3 d5 3. cxd5 Nxd5 4. g3 e5 5. Bg2 Be6 6. e3 Nc6 7. Nge2 Ndb4 8. O-O Nd3 9. f4 Bc5 10. fxe5 Ncxe5 11. Bxb7 Rb8 12. Bg2 O-O 13. Nf4 Bg4 14. Qa4 Nxb2 15. Qe4 Re8 16. Qd5 Nbd3 17. Nxd3 Nxd3 18. Qxf7+ Kh8 19. Qc4 Be6 20. Bd5 Bxd5 21. Nxd5 Nxc1 22. Raxc1 Bd6 23. Rf7 Qg5 24. Kg2 Rb2 25. Rf2 h6 26. Nf4 Rf8 27. Rcf1 Rbb8 28. Ne6 Rxf2+ 29. Rxf2 Qe5 30. Nf4 Re8 31. Qd4 Qxd4 32. exd4 Re4 33. Ne2 Be7 34. Kf3 Re6 35. Nf4 Rd6 36. d5 Kg8 37. Re2 Bg5 38. Re6 Kf7 39. Rxd6 cxd6 40. Ke4 Ke7 41. Ne6 Bf6 42. d4 g5 43. a4 Kd7 44. Kf5 Bh8 45. Kg6 g4 46. Kxh6 Ke7 47. Kg5 Kd7 48. Kxg4 Ke7 49. Kf5 Kf7 50. g4 Bf6 51. h4 Bh8 52. g5 Ke7 53. h5 Kf7 54. g6+ Kg8 55. h6 a5 56. g7 Bxg7 57. hxg7 Kf7 58. Ke4 Kg8 59. Kd3 Kf7 60. Kc4 Kg8 61. Kb5 Kf7 62. Kxa5 Kg8 63. Kb6 Kf7 64. a5 Kg8 65. a6 Kf7 66. a7 Kg6 67. g8=Q+ Kf5 68. Qf7+ Ke4 69. a8=Q Kd3 70. Qa3+ Kc4 71. Qf1+ Kxd5 72. Qb3+ Ke4 73. Qff3# 1-0


[Site "https://www.chess.com"]

[Event "Titled Tuesday Blitz July 4 Early 2023"]
[White "Balla, Tamas-Kristof"]
[Black "Vaglio Munoz, Jaime"]
[WhiteFideId "1208497"]
[BlackFideId "6500145"]
[WhiteElo "2456"]
[BlackElo "2303"]
[Result "1-0"]
[Round "9"]
[TimeControl "180+2"]
[Date "2023.07.04"]
[WhiteClock "0:00:19"]
[BlackClock "0:00:24"]
[Board "134"]

1. e4 c5 2. Nf3 Qa5 3. Nc3 a6 4. d4 b5 5. Bd2 b4 6. Nd5 e6 7. Ne3 cxd4 8. Nxd4 Bb7 9. Bd3 Nf6 10. e5 Qxe5 11. Nf3 Qc7 12. O-O Be7 13. c3 bxc3 14. Bxc3 O-O 15. Rc1 Nc6 16. Bb1 d5 17. Qd3 g6 18. a3 Qb6 19. h3 a5 20. Rfe1 Rfd8 21. Qd2 Ne4 22. Qe2 Nxc3 23. bxc3 Bxa3 24. Rcd1 Ba6 25. Qc2 Rac8 26. Ng4 Be7 27. Qd2 d4 28. Qh6 d3 29. Ng5 Bxg5 30. Qxg5 Qb5 31. Qh6 f5 32. Nf6+ Kf7 33. Nxh7 Ne7 34. Ng5+ Ke8 35. Rxe6 Rc6 36. Rde1 Rxe6 37. Nxe6 d2 38. Qf8+ Kd7 39. Qxd8+ Kc6 40. Nd4+ Kb7 41. Rxe7+ Qd7 42. Qxd7+ Kb6 43. Qc6# 1-0


[Site "https://www.chess.com"]

[Event "Titled Tuesday Blitz July 4 Early 2023"]
[White "Schut, Han"]
[Black "LangesNasenhaar"]
[WhiteFideId "1005561"]
[WhiteElo "2297"]
[BlackElo "2444"]
[Result "1-0"]
[Round "9"]
[TimeControl "180+2"]
[Date "2023.07.04"]
[WhiteClock "0:00:10"]
[BlackClock "0:00:00"]
[Board "135"]

1. e4 d6 2. d4 Nf6 3. Nc3 e5 4. f4 exd4 5. Qxd4 Nc6 6. Bb5 Bd7 7. Bxc6 bxc6 8. Nf3 c5 9. Qd3 Be7 10. Be3 O-O 11. Rd1 Bc6 12. O-O Qb8 13. e5 Ng4 14. Bc1 Rd8 15. Qf5 Nh6 16. Qh3 Bd7 17. Qg3 Nf5 18. Qf2 h5 19. Nd5 Bf8 20. Nh4 Nxh4 21. Qxh4 Bg4 22. f5 dxe5 23. f6 g6 24. Rd2 Rxd5 25. Rxd5 c6 26. Rd3 Qc8 27. h3 Be6 28. g4 hxg4 29. hxg4 Bxg4 30. Rg3 Bf5 31. Bh6 Bd6 32. Bg7 1-0


[Site "https://www.chess.com"]

[Event "Titled Tuesday Blitz July 4 Early 2023"]
[White "Herman, Daniel"]
[Black "Zaksaite, Salomeja"]
[WhiteFideId "30935008"]
[BlackFideId "12801496"]
[WhiteElo "2425"]
[BlackElo "2299"]
[Result "1-0"]
[Round "9"]
[TimeControl "180+2"]
[Date "2023.07.04"]
[WhiteClock "0:00:04"]
[BlackClock "0:00:00"]
[Board "136"]

1. c4 e5 2. Nc3 Nf6 3. Nf3 Nc6 4. e3 d5 5. cxd5 Nxd5 6. Bb5 Nxc3 7. bxc3 Bd6 8. d4 O-O 9. Bxc6 bxc6 10. dxe5 Be7 11. O-O Ba6 12. Re1 Qc8 13. Nd4 Rd8 14. Qf3 c5 15. Nc6 Re8 16. Nxe7+ Rxe7 17. Qg3 Re6 18. e4 Rg6 19. Qf3 Qe6 20. Bf4 Rd8 21. Red1 Rxd1+ 22. Rxd1 h6 23. a4 Qa2 24. Rd8+ Kh7 25. h4 Be2 26. Qe3 Bh5 27. Qxc5 Qb1+ 28. Kh2 Qxe4 29. Bg3 Rc6 30. Qd4 Bg6 31. Rd7 Qc2 32. e6 Rxe6 33. Rxc7 Qc1 34. Be5 Qc2 35. Bxg7 Re4 36. Qf6 1-0


[Site "https://www.chess.com"]

[Event "Titled Tuesday Blitz July 4 Early 2023"]
[White "Mickiewicz, Piotr"]
[Black "Wang, Alexander J"]
[WhiteFideId "1114891"]
[BlackFideId "30955270"]
[WhiteElo "2425"]
[BlackElo "2296"]
[Result "1-0"]
[Round "9"]
[TimeControl "180+2"]
[Date "2023.07.04"]
[WhiteClock "0:01:45"]
[BlackClock "0:00:27"]
[Board "137"]

1. Nf3 d5 2. g3 Nf6 3. Bg2 c5 4. O-O Nc6 5. d3 e6 6. Nbd2 Be7 7. e4 O-O 8. Re1 Qc7 9. c3 Rd8 10. a4 a6 11. e5 Nd7 12. Qe2 Rb8 13. h4 b5 14. axb5 axb5 15. Nf1 b4 16. Bf4 Bb7 17. Ne3 Nf8 18. Ng4 Ng6 19. h5 Nxf4 20. gxf4 Bf8 21. h6 Ne7 22. hxg7 Bxg7 23. Ng5 Ng6 24. Qe3 d4 25. Qh3 Bxg2 26. Qxh7+ Kf8 27. Nf6 Bxf6 28. exf6 Nxf4 29. Qh8# 1-0


[Site "https://www.chess.com"]

[Event "Titled Tuesday Blitz July 4 Early 2023"]
[White "Legenia, Artem"]
[Black "Vivas Zamora, Fabian Ernesto"]
[WhiteFideId "14136945"]
[BlackFideId "3902480"]
[WhiteElo "2291"]
[BlackElo "2425"]
[Result "0-1"]
[Round "9"]
[TimeControl "180+2"]
[Date "2023.07.04"]
[WhiteClock "0:00:30"]
[BlackClock "0:00:12"]
[Board "138"]

1. b4 e5 2. a3 a5 3. b5 d5 4. Bb2 Bd6 5. e3 Ne7 6. c4 O-O 7. cxd5 Nxd5 8. Qc2 Be6 9. Nf3 Nd7 10. Bd3 f5 11. Bc4 Kh8 12. Nc3 N7b6 13. Nxd5 Bxd5 14. Bxd5 Nxd5 15. Nxe5 f4 16. e4 Bxe5 17. Bxe5 Qg5 18. d4 Qxg2 19. O-O-O Nf6 20. Rhe1 Rac8 21. Bxf4 c5 22. dxc5 Qf3 23. Be3 Nxe4 24. Bd4 Nxc5 25. Kb1 Ne6 26. Qb2 Nxd4 27. Qxd4 Qxa3 28. Re3 Qc5 29. Qxc5 Rxc5 30. Rd7 Rxb5+ 31. Ka2 h6 32. Ree7 Rxf2+ 33. Ka3 Rg2 34. Rxb7 Rxb7 35. Rxb7 Rxh2 0-1


[Site "https://www.chess.com"]

[Event "Titled Tuesday Blitz July 4 Early 2023"]
[White "Kostiukov, Alexandr"]
[Black "KorolDimitriy75"]
[WhiteFideId "14108100"]
[WhiteElo "2286"]
[BlackElo "2422"]
[Result "1-0"]
[Round "9"]
[TimeControl "180+2"]
[Date "2023.07.04"]
[WhiteClock "0:00:19"]
[BlackClock "0:00:00"]
[Board "139"]

1. g3 c5 2. Bg2 g6 3. c4 Bg7 4. Nf3 Nc6 5. O-O Nh6 6. Nc3 Nf5 7. d3 h5 8. h3 a6 9. Bd2 Rb8 10. Rb1 b5 11. b3 d6 12. e4 Nfd4 13. Nxd4 Nxd4 14. Ne2 e6 15. Nxd4 Bxd4 16. Qe2 Kf8 17. Be3 Qf6 18. f4 Kg7 19. Kh1 Bd7 20. Rbe1 a5 21. Bd2 a4 22. cxb5 axb3 23. a4 b2 24. e5 Qe7 25. Be3 dxe5 26. Bxd4 exd4 27. Qxb2 Qd6 28. Rc1 Rhc8 29. Rc4 Rc7 30. Qe2 Ra7 31. Rfc1 Rc8 32. Qe5+ Qxe5 33. fxe5 Kf8 34. Rxc5 Rxc5 35. Rxc5 Rxa4 36. b6 Rb4 37. Rc7 Ke8 38. b7 Kd8 39. Rc5 Rb3 40. Rc4 Bb5 41. b8=Q+ 1-0


[Site "https://www.chess.com"]

[Event "Titled Tuesday Blitz July 4 Early 2023"]
[White "Modric, Nesa"]
[Black "Romero Ruscalleda, Josep"]
[WhiteFideId "922579"]
[BlackFideId "2231859"]
[WhiteElo "2261"]
[BlackElo "2411"]
[Result "0-1"]
[Round "9"]
[TimeControl "180+2"]
[Date "2023.07.04"]
[WhiteClock "0:00:00"]
[BlackClock "0:00:06"]
[Board "140"]

1. d4 g6 2. h4 c5 3. h5 cxd4 4. hxg6 fxg6 5. Qxd4 Nf6 6. e4 Nc6 7. Qe3 Bg7 8. Nc3 d6 9. f3 Qa5 10. Bc4 Ne5 11. Bb3 Bd7 12. Ne2 Rc8 13. Bd2 Nc4 14. Bxc4 Rxc4 15. b3 Rc8 16. a4 Qc5 17. Rd1 Qxe3 18. Bxe3 b6 19. Kd2 O-O 20. Nb5 a6 21. Na3 b5 22. axb5 axb5 23. c4 bxc4 24. Nxc4 Be6 25. Rc1 Rb8 26. Nd4 Bf7 27. Rb1 Rfc8 28. Rhc1 Nd7 29. Na5 Rxc1 30. Rxc1 Nc5 31. Nac6 Rxb3 32. Rxc5 dxc5 33. Nxb3 Bxb3 34. Nxe7+ Kf7 35. Bxc5 Be5 36. Ke3 Ke6 37. Nc6 Bc7 38. f4 Kd7 39. Nd4 Bf7 40. g4 h5 41. gxh5 gxh5 42. Nf5 Bd8 43. Kf3 Be6 44. Ng7 Bg4+ 45. Kg3 Bf6 46. Bf8 Bd4 47. e5 Bc3 48. Bc5 Be1+ 49. Kg2 h4 50. e6+ Kc7 51. e7 h3+ 52. Kh2 Bd7 0-1


[Site "https://www.chess.com"]

[Event "Titled Tuesday Blitz July 4 Early 2023"]
[White "Mazurkiewicz, Michal"]
[Black "tomobeast"]
[WhiteFideId "1124943"]
[WhiteElo "2409"]
[BlackElo "2261"]
[Result "1-0"]
[Round "9"]
[TimeControl "180+2"]
[Date "2023.07.04"]
[WhiteClock "0:01:25"]
[BlackClock "0:01:11"]
[Board "141"]

1. e4 c5 2. Nf3 Nf6 3. d3 d6 4. g3 g6 5. Bg2 Bg7 6. O-O O-O 7. Re1 e5 8. Nc3 Nc6 9. Nd2 Nd7 10. Nc4 Nb6 11. Nb5 d5 12. exd5 Nxd5 13. Bxd5 Qxd5 14. Nc7 Qd8 15. Nxa8 Bh3 16. c3 Qxa8 17. Qf3 Rd8 18. g4 b5 19. Ne3 Rxd3 20. Qxh3 b4 21. Qg2 bxc3 22. bxc3 Rxc3 23. Bb2 Rd3 24. Rad1 c4 25. Nxc4 1-0


[Site "https://www.chess.com"]

[Event "Titled Tuesday Blitz July 4 Early 2023"]
[White "Thiel, Thomas"]
[Black "Carrasco Miranda, Andres"]
[WhiteFideId "4615964"]
[BlackFideId "3405990"]
[WhiteElo "2222"]
[BlackElo "2403"]
[Result "0-1"]
[Round "9"]
[TimeControl "180+2"]
[Date "2023.07.04"]
[WhiteClock "0:00:35"]
[BlackClock "0:00:27"]
[Board "142"]

1. e4 e5 2. Nf3 Nc6 3. d4 exd4 4. Nxd4 Nf6 5. Nxc6 bxc6 6. e5 Qe7 7. Qe2 Nd5 8. h4 Qe6 9. g3 Bc5 10. Bh3 f5 11. c4 Nb6 12. Nd2 O-O 13. O-O Qg6 14. Kh2 d6 15. Nf3 Ba6 16. b3 Rae8 17. Bf4 Nd5 18. Qd2 Bb4 19. Qc1 Nxf4 20. Qxf4 Bc3 21. Rad1 Bxe5 22. Nxe5 dxe5 23. Qf3 Bc8 24. Bg2 e4 25. Qf4 Re7 26. Rd2 Qf6 27. Rfd1 h6 28. Rd8 g5 29. hxg5 hxg5 30. Qe3 f4 31. Qc5 Rh7+ 0-1


[Site "https://www.chess.com"]

[Event "Titled Tuesday Blitz July 4 Early 2023"]
[White "Schachpanda_Youtube"]
[Black "Rios Escobar, Adan"]
[BlackFideId "3403645"]
[WhiteElo "2208"]
[BlackElo "2402"]
[Result "1/2-1/2"]
[Round "9"]
[TimeControl "180+2"]
[Date "2023.07.04"]
[WhiteClock "0:00:18"]
[BlackClock "0:00:13"]
[Board "143"]

1. e4 c5 2. d4 cxd4 3. c3 dxc3 4. Nxc3 Nc6 5. Nf3 d6 6. Bc4 a6 7. O-O Nf6 8. h3 e6 9. Qe2 Be7 10. Rd1 Bd7 11. Bf4 Qb8 12. e5 dxe5 13. Nxe5 Nxe5 14. Bxe5 Qa7 15. Bxf6 gxf6 16. Rxd7 Kxd7 17. Rd1+ Ke8 18. Bxe6 fxe6 19. Qh5+ Kf8 20. Qh6+ Kg8 21. Rd3 Kf7 22. Qh5+ Kf8 23. Qh6+ Kf7 24. Qh5+ Kf8 25. Qh6+ Kf7 1/2-1/2


[Site "https://www.chess.com"]

[Event "Titled Tuesday Blitz July 4 Early 2023"]
[White "Sanchez, Robert"]
[Black "Bazilius, Augustinas"]
[WhiteFideId "2034360"]
[BlackFideId "12832251"]
[WhiteElo "2166"]
[BlackElo "2400"]
[Result "1/2-1/2"]
[Round "9"]
[TimeControl "180+2"]
[Date "2023.07.04"]
[WhiteClock "0:00:30"]
[BlackClock "0:00:14"]
[Board "144"]

1. e4 c5 2. Nf3 a6 3. c3 d5 4. exd5 Qxd5 5. d4 Nf6 6. Be2 cxd4 7. cxd4 e6 8. Nc3 Qd8 9. O-O Nc6 10. Be3 Bd6 11. h3 O-O 12. Rc1 Nb4 13. Bg5 Be7 14. Ne5 Nbd5 15. Bf3 Nxc3 16. bxc3 Nd5 17. Bxe7 Nxe7 18. Re1 Rb8 19. Rb1 b5 20. a4 Bb7 21. axb5 Bxf3 22. Qxf3 Rxb5 23. Nc6 Qc7 24. Nxe7+ Qxe7 25. d5 Rxb1 26. Rxb1 exd5 27. Qxd5 Rc8 28. c4 g6 29. Rb7 Qf6 30. g3 a5 31. Qxa5 Rxc4 32. Qd5 Rc1+ 33. Kg2 Rc2 34. Qf3 Qe6 35. h4 h5 36. Rb8+ Kg7 37. Qa8 Qc6+ 38. Qxc6 Rxc6 39. Re8 Rf6 40. Re4 Rc6 41. Re8 Kf6 42. Re3 Kf5 43. Re8 f6 44. Re3 Rb6 45. Re8 Rb3 46. Re2 Rb8 47. Re7 Rb3 48. Re2 Rb5 49. Re7 Ra5 50. Re2 Ra7 51. Re8 g5 52. hxg5 fxg5 53. Rh8 Kg6 54. Rg8+ Kh6 55. Rh8+ Kg6 56. Rg8+ Rg7 57. Rxg7+ Kxg7 58. f4 Kf6 59. fxg5+ Kxg5 60. Kh3 Kh6 61. Kh4 Kg6 62. g4 hxg4 63. Kxg4 1/2-1/2


[Site "https://www.chess.com"]

[Event "Titled Tuesday Blitz July 4 Early 2023"]
[White "Floresvillar Gonzalez, Luis Migu"]
[Black "Duarte, Leonardo"]
[WhiteFideId "5100542"]
[BlackFideId "110582"]
[WhiteElo "2099"]
[BlackElo "2396"]
[Result "0-1"]
[Round "9"]
[TimeControl "180+2"]
[Date "2023.07.04"]
[WhiteClock "0:00:14"]
[BlackClock "0:00:12"]
[Board "145"]

1. d4 Nf6 2. c3 g6 3. Bg5 Bg7 4. Nd2 d5 5. e3 O-O 6. Bd3 c5 7. Ngf3 b6 8. Qe2 Nc6 9. O-O Re8 10. Ne5 Nxe5 11. dxe5 Nd7 12. f4 f6 13. exf6 exf6 14. Bh4 c4 15. Bc2 Nc5 16. Rad1 Qe7 17. Rfe1 b5 18. h3 a5 19. Qf3 Bb7 20. Qf2 b4 21. e4 Nxe4 22. Bxe4 dxe4 23. Nxc4 Rad8 24. Qb6 Rxd1 25. Rxd1 e3 26. Qxa5 Qe4 27. Nxe3 Qxe3+ 28. Kh2 Bxg2 29. Kxg2 Qe2+ 30. Kg3 Re3# 0-1


[Site "https://www.chess.com"]

[Event "Titled Tuesday Blitz July 4 Early 2023"]
[White "Bilan, Danila"]
[Black "agvania123"]
[WhiteFideId "24161918"]
[WhiteElo "2508"]
[BlackElo "2272"]
[Result "1-0"]
[Round "9"]
[TimeControl "180+2"]
[Date "2023.07.04"]
[WhiteClock "0:00:06"]
[BlackClock "0:00:01"]
[Board "146"]

1. d4 Nf6 2. Nf3 e6 3. g3 b6 4. Bg2 Bb7 5. O-O Be7 6. c4 O-O 7. d5 exd5 8. Nh4 Ne4 9. cxd5 Bxh4 10. Bxe4 Bf6 11. Nc3 d6 12. Qc2 h6 13. Re1 Nd7 14. Bg2 Nc5 15. e4 a5 16. Be3 Re8 17. Rad1 Qe7 18. Bd4 Bxd4 19. Rxd4 f5 20. Rdd1 fxe4 21. Nxe4 Nxe4 22. Bxe4 Qf6 23. Qxc7 Rab8 24. Qxb6 Kh8 25. Qd4 Ba6 26. Qxf6 gxf6 27. b3 a4 28. Bc2 Rxe1+ 29. Rxe1 axb3 30. Bxb3 Rb6 31. Re7 Bd3 32. f4 f5 33. Kf2 Be4 34. Ke3 Ra6 35. Kd4 Rb6 36. Re8+ Kg7 37. Re7+ Kh8 38. Re6 Kg7 39. Bc4 h5 40. a4 Rb4 41. a5 Ra4 42. a6 Kf7 43. Rxd6 Ke7 44. Rc6 Kd7 45. Rh6 Bg2 46. Kc5 Ra5+ 47. Bb5+ Kc7 48. Rh7+ Kc8 49. Kb6 Ra1 50. Rh8# 1-0


[Site "https://www.chess.com"]

[Event "Titled Tuesday Blitz July 4 Early 2023"]
[White "Martin, Lewis"]
[Black "Manukian, Artak"]
[WhiteFideId "410551"]
[BlackFideId "13301373"]
[WhiteElo "2267"]
[BlackElo "2426"]
[Result "0-1"]
[Round "9"]
[TimeControl "180+2"]
[Date "2023.07.04"]
[WhiteClock "0:00:07"]
[BlackClock "0:00:14"]
[Board "147"]

1. e4 c6 2. d4 d5 3. exd5 cxd5 4. Nf3 Nc6 5. Bd3 Bg4 6. c3 e6 7. Bf4 Bd6 8. Bxd6 Qxd6 9. Nbd2 Nf6 10. h3 Bh5 11. O-O O-O 12. Re1 Rab8 13. a4 a6 14. Qc2 Rfc8 15. Qb1 Bg6 16. Ne5 Bxd3 17. Qxd3 Nd7 18. f4 g6 19. Ndf3 Ndxe5 20. fxe5 Qe7 21. Nh2 h5 22. g4 Qh4 23. Kg2 hxg4 24. Nxg4 Kg7 25. Rf1 Ne7 26. Qg3 Qxg3+ 27. Kxg3 Nf5+ 28. Rxf5 gxf5 29. Nf6 Rh8 30. Rh1 Rh6 31. h4 Rg6+ 32. Kf4 b5 33. a5 b4 34. Nd7 Rb5 35. h5 Rg4+ 36. Kf3 Kh6 37. Nf6 Rg5 38. Ne8 bxc3 39. bxc3 Rb3 40. Nd6 Rxc3+ 41. Ke2 Rg7 42. Kd2 Ra3 43. Kc2 Rg2+ 44. Kb1 Rga2 45. Nxf7+ Kg7 46. h6+ Kxf7 47. h7 Ra1+ 48. Kb2 Rxh1 49. Kxa3 Rxh7 0-1


[Site "https://www.chess.com"]

[Event "Titled Tuesday Blitz July 4 Early 2023"]
[White "CarolinaLujan"]
[Black "Saito, Vinicius"]
[BlackFideId "2113384"]
[WhiteElo "2262"]
[BlackElo "2385"]
[Result "1-0"]
[Round "9"]
[TimeControl "180+2"]
[Date "2023.07.04"]
[WhiteClock "0:01:14"]
[BlackClock "0:01:38"]
[Board "148"]

1. e4 c5 2. g3 Nc6 3. Bg2 e5 4. Ne2 d6 5. O-O g6 6. c3 Bg7 7. a3 h5 8. h3 h4 9. g4 g5 10. b4 b6 11. b5 Nce7 12. d4 f6 13. Nd2 Ng6 14. dxc5 dxc5 15. Nc4 Be6 16. Nd6+ Kf8 17. Nf5 N8e7 18. Be3 Kf7 19. Nd6+ Kg8 20. Qd2 Qc7 21. Nf5 Kh7 22. Rfc1 Rhd8 23. Qe1 Bf8 24. c4 Nf4 25. Bxf4 exf4 26. e5 Qxe5 27. Bxa8 Rxa8 28. Nc3 Ng6 29. Ne4 Bxf5 30. Nxg5+ Kh6 31. Nf7+ 1-0


[Site "https://www.chess.com"]

[Event "Titled Tuesday Blitz July 4 Early 2023"]
[White "Tuleyeva-Aketayeva, Dana"]
[Black "Slavin, Alexey"]
[WhiteFideId "13701932"]
[BlackFideId "24104388"]
[WhiteElo "2247"]
[BlackElo "2364"]
[Result "0-1"]
[Round "9"]
[TimeControl "180+2"]
[Date "2023.07.04"]
[WhiteClock "0:00:00"]
[BlackClock "0:00:15"]
[Board "149"]

1. d4 Nc6 2. d5 Ne5 3. Nf3 Ng6 4. g3 e5 5. Nc3 Bc5 6. Bg2 Nf6 7. O-O O-O 8. Rb1 a6 9. b4 Ba7 10. a4 d6 11. b5 h6 12. h3 Bd7 13. e4 axb5 14. Nxb5 Nxe4 15. Nxa7 Rxa7 16. Nxe5 Nc3 17. Qd3 Nxb1 18. Nxg6 fxg6 19. Be3 Rxa4 20. Rxb1 b6 21. Qxg6 Qf6 22. Qd3 Ra1 23. Qd1 Rfa8 24. Kh2 Rxb1 25. Qxb1 Bf5 26. Qb3 Qg6 27. Qc4 Rc8 28. c3 Bd3 29. Qd4 Bf5 30. g4 Bb1 31. Qc4 Qe8 32. Qd4 Bg6 33. Qf4 Qe7 34. Qc4 Rf8 35. Qd4 Re8 36. Kg1 Be4 37. Bf1 Qe5 38. c4 Qxd4 39. Bxd4 Ra8 40. Be3 Ra1 41. Bd4 Rc1 42. Be3 Rb1 43. f3 Bd3 44. Kh2 Bxf1 45. Bf4 Bxc4 46. g5 hxg5 47. Bxg5 Bxd5 48. Bd8 Rc1 49. h4 Bxf3 50. h5 Bxh5 0-1


[Site "https://www.chess.com"]

[Event "Titled Tuesday Blitz July 4 Early 2023"]
[White "Adireddy Arjun"]
[Black "Xavier_mompel"]
[WhiteFideId "25647709"]
[WhiteElo "2361"]
[BlackElo "2244"]
[Result "0-1"]
[Round "9"]
[TimeControl "180+2"]
[Date "2023.07.04"]
[WhiteClock "0:00:00"]
[BlackClock "0:00:12"]
[Board "150"]

1. e4 c5 2. Nf3 e6 3. d4 cxd4 4. Nxd4 Nc6 5. Nc3 Qc7 6. Be3 a6 7. Qd2 Nf6 8. f3 Be7 9. O-O-O b5 10. g4 Nxd4 11. Bxd4 Bb7 12. h4 d5 13. exd5 b4 14. Bxf6 gxf6 15. Ne4 Bxd5 16. Kb1 Qc6 17. Bd3 Rc8 18. g5 f5 19. Nf6+ Bxf6 20. gxf6 Bxf3 21. Qxb4 Qc5 22. Qa4+ Bc6 23. Qxa6 Bxh1 24. Rxh1 Rg8 25. a4 Rg1+ 26. Rxg1 Qxg1+ 27. Ka2 Qc5 28. Qb7 f4 29. Qg2 Qd5+ 30. Qxd5 exd5 31. Bxh7 f3 32. Bd3 f2 33. c3 Rc6 34. Bb5 Kd8 35. Bxc6 f1=Q 36. Bxd5 Qxf6 37. Bb3 Qxh4 0-1


[Site "https://www.chess.com"]

[Event "Titled Tuesday Blitz July 4 Early 2023"]
[White "Seletsky, Grigory"]
[Black "Nakhbayeva, Guliskhan"]
[WhiteFideId "14112191"]
[BlackFideId "13704788"]
[WhiteElo "2350"]
[BlackElo "2227"]
[Result "1-0"]
[Round "9"]
[TimeControl "180+2"]
[Date "2023.07.04"]
[WhiteClock "0:01:20"]
[BlackClock "0:00:00"]
[Board "151"]

1. e4 e6 2. d4 d5 3. Nd2 dxe4 4. Nxe4 Nd7 5. Nf3 Ngf6 6. Bd3 Be7 7. Qe2 O-O 8. Bg5 b6 9. Nxf6+ Nxf6 10. Bxf6 Bxf6 11. Qe4 g6 12. Qxa8 Qd6 13. c3 Ba6 14. Qe4 Bc8 15. O-O Bg7 16. Rad1 h5 17. Rfe1 Bd7 18. Ne5 Bc8 19. h4 a5 20. g3 c6 21. Qf4 Bb7 22. Nxg6 e5 23. Nxe5 c5 24. Qf5 Qh6 25. Be4 Bc8 26. Qg5 Qd6 27. Qxh5 f5 28. Bc2 cxd4 29. Rxd4 Qf6 30. Bb3+ Be6 31. Rd6 1-0


[Site "https://www.chess.com"]

[Event "Titled Tuesday Blitz July 4 Early 2023"]
[White "Koridze, Lile"]
[Black "Warchol, Kamil"]
[WhiteFideId "13612514"]
[BlackFideId "21858241"]
[WhiteElo "2346"]
[BlackElo "2241"]
[Result "1-0"]
[Round "9"]
[TimeControl "180+2"]
[Date "2023.07.04"]
[WhiteClock "0:00:05"]
[BlackClock "0:00:02"]
[Board "152"]

1. d4 Nf6 2. c4 e6 3. Nf3 d5 4. g3 Bb4+ 5. Bd2 Be7 6. Bg2 O-O 7. O-O c6 8. Qc2 Nbd7 9. Nc3 dxc4 10. a4 a6 11. e4 b5 12. axb5 cxb5 13. Nxb5 Bb7 14. Nc3 Bb4 15. e5 Nd5 16. Nxd5 Bxd2 17. Nc3 Bh6 18. Rad1 Nb6 19. Rfe1 Qd7 20. Nd2 Bxg2 21. Kxg2 Qxd4 22. Nde4 Qxe5 23. h4 Qf5 24. Qe2 Qg6 25. Rd6 Rab8 26. Nc5 Rfd8 27. Red1 Rxd6 28. Rxd6 Bf4 29. Rd1 Bh6 30. Nxa6 Rc8 31. Nc5 Qf5 32. N5e4 Nd5 33. Nd6 Nxc3 34. bxc3 Qc5 35. Nxc8 Qxc8 36. Qxc4 Qa8+ 37. Kg1 g6 38. Qd4 Qa6 39. c4 Bg7 40. Qd8+ Bf8 41. Qc7 Qa4 42. Rd7 Qa1+ 43. Kg2 Qf6 44. c5 Qf5 45. Qb7 Qxc5 46. Rxf7 Qd5+ 47. Qxd5 exd5 48. Rd7 d4 49. Rxd4 Bg7 50. Rd7 Kf8 51. Kf3 Kg8 52. Rb7 Bf6 53. Ke4 Bg7 54. g4 Bf6 55. h5 Bg7 56. hxg6 hxg6 57. f4 Bf6 58. g5 Bg7 59. f5 gxf5+ 60. Kxf5 Kf8 61. Kg6 Bd4 62. Kh7 1-0


[Site "https://www.chess.com"]

[Event "Titled Tuesday Blitz July 4 Early 2023"]
[White "Sovetbekova, Nurai"]
[Black "Fernandez Hernandez, Gerardo"]
[WhiteFideId "13801910"]
[BlackFideId "2207400"]
[WhiteElo "2344"]
[BlackElo "2216"]
[Result "1-0"]
[Round "9"]
[TimeControl "180+2"]
[Date "2023.07.04"]
[WhiteClock "0:00:02"]
[BlackClock "0:00:00"]
[Board "153"]

1. d4 Nf6 2. c4 c5 3. d5 g6 4. Nc3 Bg7 5. e4 O-O 6. Nf3 d6 7. Bd3 e6 8. O-O exd5 9. exd5 Bg4 10. Bf4 a6 11. h3 Bxf3 12. Qxf3 Qc7 13. Rfe1 Nbd7 14. Qg3 Ne8 15. Re7 Bf6 16. Re2 Be5 17. Rae1 Nef6 18. Qf3 Kg7 19. Bc2 Rfe8 20. Ba4 Qa5 21. Bxd7 Nxd7 22. Ne4 Qc7 23. Bxe5+ dxe5 24. Ng5 Nf6 25. Rd2 Qd6 26. Ne4 Nxe4 27. Qxe4 f5 28. Qc2 b5 29. b3 bxc4 30. bxc4 Rab8 31. Qc3 Kf7 32. Rde2 e4 33. f3 Qf6 34. Qxf6+ Kxf6 35. fxe4 f4 36. e5+ Kf5 37. e6 Rbd8 38. Rf1 g5 39. Rb2 Re7 40. Rb6 1-0


[Site "https://www.chess.com"]

[Event "Titled Tuesday Blitz July 4 Early 2023"]
[White "Rudzinska, Michalina"]
[Black "Guevara Sanchez, Erick Marvin"]
[WhiteFideId "1172883"]
[BlackFideId "6700136"]
[WhiteElo "2325"]
[BlackElo "2071"]
[Result "1-0"]
[Round "9"]
[TimeControl "180+2"]
[Date "2023.07.04"]
[WhiteClock "0:01:54"]
[BlackClock "0:01:49"]
[Board "154"]

1. e4 c5 2. Nf3 Nc6 3. d4 cxd4 4. Nxd4 g6 5. Nc3 Bg7 6. Be3 Nf6 7. Nb3 O-O 8. Be2 d6 9. O-O Bd7 10. f4 Rc8 11. Bf3 a6 12. Nd5 Nxd5 13. exd5 Nb8 14. c3 Bf5 15. Bd4 Nd7 16. Bxg7 Kxg7 17. g4 e6 18. gxf5 exf5 19. Nd4 Qh4 20. Qd2 Nf6 21. Kh1 Rce8 22. Rg1 Ne4 23. Bxe4 Rxe4 24. Nxf5+ 1-0


[Site "https://www.chess.com"]

[Event "Titled Tuesday Blitz July 4 Early 2023"]
[White "Mikhaylova, Irina"]
[Black "Tagliata"]
[WhiteFideId "4109040"]
[WhiteElo "2323"]
[BlackElo "2176"]
[Result "0-1"]
[Round "9"]
[TimeControl "180+2"]
[Date "2023.07.04"]
[WhiteClock "0:01:38"]
[BlackClock "0:01:42"]
[Board "155"]

1. Nf3 d6 2. c4 e5 3. d4 exd4 4. Nxd4 Nf6 5. Nc3 Qe7 6. Bg5 h6 7. Nd5 Qd8 8. Nxf6+ gxf6 9. Bh4 Be7 10. e3 f5 11. Bd3 Bxh4 12. Bxf5 Bf6 13. Bxc8 Qxc8 14. O-O Nd7 15. Rc1 Ne5 16. b4 Qd7 17. f4 Nc6 18. a3 Nxd4 19. exd4 O-O-O 20. b5 Qf5 21. d5 Rhg8 22. Qa4 Qe4 23. Rc2 Bd4+ 24. Kh1 h5 25. c5 dxc5 26. Qc4 Qxd5 0-1


[Site "https://www.chess.com"]

[Event "Titled Tuesday Blitz July 4 Early 2023"]
[White "Acikel, Mert"]
[Black "Skiadopoulos, Nikolaos"]
[WhiteFideId "12956465"]
[BlackFideId "4200772"]
[WhiteElo "2298"]
[BlackElo "1904"]
[Result "1-0"]
[Round "9"]
[TimeControl "180+2"]
[Date "2023.07.04"]
[WhiteClock "0:02:17"]
[BlackClock "0:00:47"]
[Board "156"]

1. e4 c5 2. Nf3 Nc6 3. Bb5 Na5 4. O-O a6 5. Be2 b5 6. d4 cxd4 7. Nxd4 e5 8. Nf3 Nc6 9. Be3 Nf6 10. Nbd2 Ng4 11. Bg5 Be7 12. Bxe7 Qxe7 13. Re1 O-O 14. h3 Nh6 15. c4 b4 16. Qc2 d6 17. Rad1 f5 18. exf5 Bxf5 19. Bd3 Bxd3 20. Qxd3 Rad8 21. Qd5+ Kh8 22. Qxc6 Nf5 23. Ne4 a5 24. c5 Rc8 25. cxd6 Qa7 26. Qd5 Rfd8 27. Qxe5 1-0


[Site "https://www.chess.com"]